Map: Tours du crépuscule

Players

zidar

  • Race: Zerg Zerg
  • League: Silver
  • Spawn Location: 7:00

Forsety - Winner!

  • Race: Terran Terran
  • League: Bronze
  • Spawn Location: 1:00

VOD

Have the link to the VOD?

Description

Time

  • Played on: Feb. 18, 2016, 8:52 a.m.
  • Length: 8:57
Show
View Real Time Build Order
Export as new Build Order

zidar Zerg 

Build Orders: Hatch First, Muta Ling Bane 

Get SALT Encoding   

  12  0:02  Drone  
  13  0:12  Overlord  
  13  0:17  Drone  
  14  0:30  Drone x2  
  16  0:37  Drone  
  17  0:55  Hatchery  
  17  0:56  Drone  
  17  1:01  Extractor  
  17  1:03  Drone  
  17  1:19  Spawning Pool  
  17  1:22  Drone  
  17  1:35  Drone  
  17  1:38  Overlord  
  17  1:39  Drone  
  19  1:53  Drone  
  20  2:10  Queen  
  20  2:11  Queen  
  24  2:19  Drone x3  
  27  2:30  Overlord  
  27  2:33  Metabolic Boost  
  27  2:37  Drone  
  28  2:44  Drone  
  28  2:45  Drone  
  28  2:46  Drone  
  31  2:57  Zergling x2  
  31  2:58  Zergling x4  
  34  3:08  Extractor  
  34  3:11  Extractor  
  32  3:15  Roach Warren  
  31  3:22  Lair  
  31  3:46  Drone x5  
  36  3:49  Overlord  
  36  3:53  Hatchery  
  35  4:08  Baneling Nest  
  35  4:09  Overlord  
  34  4:20  Roach  
  34  4:21  Roach x2  
  34  4:23  Roach  
  42  4:43  Spire  
  43  4:45  Roach  
  43  4:46  Roach  
  43  4:47  Zergling x2  
  46  5:01  Centrifical Hooks  
  46  5:03  Baneling x2  
  46  5:04  Baneling x2  
  46  5:24  Drone x4  
  46  5:26  Overseer  
  50  5:29  Overlord  
  50  5:31  Overlord  
  49  5:50  Pneumatized Carapace  
  49  5:52  Queen  
  51  6:00  Drone x3  
  54  6:04  Drone x3  
  54  6:05  Drone  
  54  6:10  Overlord  
  58  6:32  Evolution Chamber  
  57  6:33  Evolution Chamber  
  57  6:37  Drone x3  
  59  7:09  Overseer  
  59  7:23  Overlord, Mutalisk x3  
  65  7:38  Extractor  
  65  7:39  Drone x2  
  56  8:19  Roach x2  
  46  8:20  Roach x10  
  60  8:32  Overlord x3  
  60  8:33  Overlord x2  
Show
View Real Time Build Order
Export as new Build Order

Forsety Terran - Winner!

Build Orders:  

Get SALT Encoding   

  12  0:01  SCV  
  13  0:17  SCV  
  14  0:24  Supply Depot  
  14  0:29  SCV  
  15  0:37  Refinery  
  15  0:45  SCV  
  15  0:46  Barracks  
  16  0:55  Supply Depot  
  16  0:58  SCV  
  17  1:10  SCV  
  18  1:22  SCV  
  19  1:34  SCV  
  19  1:38  Marine  
  19  1:39  Refinery  
  21  1:47  Orbital Command  
  21  1:55  Factory  
  21  1:56  Marine  
  22  2:14  Marine, SCV  
  24  2:26  SCV  
  25  2:32  Marine  
  26  2:38  Factory Tech Lab, SCV  
  27  2:48  Starport  
  27  2:49  Marine  
  28  3:04  Barracks  
  28  3:08  Barracks  
  28  3:10  Barracks  
  28  3:11  Engineering Bay  
  28  3:12  Siege Tank  
  31  3:21  Supply Depot  
  31  3:36  Supply Depot  
  31  3:41  Terran Infantry Weapons Level 1  
  31  3:43  Marine  
  32  3:56  Medivac  
  32  3:59  Barracks Tech Lab, Supply Depot  
  32  4:00  Barracks Reactor  
  32  4:01  Marine, Barracks Reactor  
  35  4:14  Siege Tank  
  38  4:33  Viking  
  40  5:01  Marine x3  
  40  5:04  Command Center  
  43  5:33  Marine  
  43  5:34  Marine x4, Barracks Reactor  
  48  5:36  Terran Infantry Armor Level 1  
  48  5:46  Siege Tank  
  51  5:51  Marine  
  51  5:52  Marine x3  
  55  6:00  Supply Depot  
  55  6:01  Supply Depot  
  55  6:15  Marine x3  
  58  6:21  Supply Depot  
  58  6:23  Supply Depot  
  58  6:24  SCV, Supply Depot x2  
  59  6:27  Supply Depot  
  59  6:35  Stimpack  
  59  6:36  SCV  
  60  6:50  SCV  
  61  7:02  SCV  
  61  7:03  Missile Turret  
  61  7:04  Missile Turret  
  61  7:05  Missile Turret  
  62  7:15  SCV  
  63  7:27  SCV  
  64  7:39  SCV  
  64  7:41  Command Center  
  64  7:42  Refinery  
  65  7:45  SCV  
  65  7:51  SCV  
  67  7:57  SCV  
  68  8:03  SCV  
  69  8:09  SCV  
  64  8:15  SCV  
  64  8:21  SCV  
  65  8:27  SCV  
  65  8:33  SCV  
  67  8:38  Marine  
  67  8:39  Marine x6, SCV  
Tags
 
Add a new tag
Caveats
  • Supply blocks, unpowered buildings, or Contaminate may cause inaccurate times.
  • Supply counts are checked every 10 seconds.